 Dungeon Crawl Stone Soup version 0.28.0-49-g6dfe1f597d (webtiles) character file.

Game seed: 17970943915795404450

749 Zeld the Skirmisher (level 7, 0/96 HPs)
             Began as a Minotaur Berserker on May 11, 2022.
             Was a Believer of Trog.
             Slain by an orc wizard
             ... wielding a +4 dagger
              (4 damage)
             ... on level 5 of the Dungeon.
             The game lasted 00:03:07 (4766 turns).

Zeld the Skirmisher (Minotaur Berserker)            Turns: 4766, Time: 00:03:08

Health: 0/96       AC:  2    Str: 23    XL:     7   Next: 48%
Magic:  6/6        EV: 13    Int:  4    God:    Trog [**....]
Gold:   172        SH:  0    Dex: 10    Spells: 6/6 levels left

rFire   . . .      SeeInvis .   a - +0 hand axe
rCold   . . .      Faith    .   (no shield)
rNeg    . . .      Spirit   .   b - +0 animal skin
rPois   .          Reflect  .   (helmet restricted)
rElec   .          Harm     .   (no cloak)
rCorr   .          Rampage  .   (no gloves)
Will    .....                   (no boots)
Stlth   ..........              (no amulet)
HPRegen 0.26/turn               q - ring of flight
MPRegen 0.10/turn               (no ring)

@: confused, berserking (expiring), flying, very quick
A: horns 2, retaliatory headbutt
a: Renounce Religion, Berserk, Trog's Hand


You were on level 5 of the Dungeon.
You worshipped Trog.
Trog was pleased with you.
You visited 1 branch of the dungeon, and saw 5 of its levels.

You collected 172 gold pieces.

Inventory:

Hand Weapons
 a - a +0 hand axe (weapon)
Armour
 b - a +0 animal skin (worn)
Jewellery
 m - a ring of protection from fire
 q - a ring of flight (left hand)
Wands
 o - a wand of polymorph (8)
Scrolls
 d - 2 scrolls of noise {unknown}
 e - 2 scrolls of amnesia {unknown}
 g - 4 scrolls of identify {unknown}
 i - 2 scrolls of enchant armour {unknown}
 k - 2 scrolls of fog {unknown}
 n - a scroll of silence {unknown}
 r - a scroll of vulnerability {unknown}
Potions
 c - 2 potions of resistance {unknown}
 f - 3 potions of brilliance {unknown}
 h - 3 potions of heal wounds {unknown}
 j - a potion of berserk rage {unknown}
 l - a potion of mutation {unknown}
 p - a potion of lignification {unknown}


   Skills:
 * Level 6.9 Fighting
 * Level 6.8 Axes
 + Level 4.6 Armour
 + Level 4.2 Dodging


You had 6 spell levels left.
You didn't know any spells.
Your spell library was empty.

Dungeon Overview and Level Annotations

Branches:
Dungeon (5/15)
 Temple: D:4-7

Altars:
Gozag
Okawaru
Ru
Uskayaw
Wu Jian
Xom
The Shining One

Shops:
D:2 :


Innate Abilities, Weirdness & Mutations

You have a pair of horns on your head.
You reflexively headbutt those who attack you in melee.


Message History

A puff of flame appears from out of thin air!
The puff of flame hits you!
You slash the orc!
You kill the orc!
Trog accepts your kill.
You hear some strange, mumbled words.
A magic dart appears from out of thin air!
The magic dart hits you. Something hits you but does no damage.
The orc closely misses you.
You hit the ogre but do no damage. You closely miss something.
You closely miss the orc. Something hits you. The orc hits you with a +0 mace.
The ogre hits you with a +0 giant club!!
You are too injured to fight recklessly!
You are too injured to fight recklessly!
A red film seems to cover your vision as you go berserk!
You feel yourself moving faster!
You feel mighty! The orc hits you with a +0 mace!
You hear some strange, mumbled words.
Something tries to affect you, but you resist.
You barely miss the ogre. You miss something. You slash the orc!
You kill the orc!
Trog accepts your kill. The ogre completely misses you.
You furiously retaliate!
You headbutt the ogre! Something hits you.
* * * LOW HITPOINT WARNING * * *
Unknown command.
You hit the ogre.
The ogre is severely wounded.
You completely miss something.
The ogre hits you with a +0 giant club!!
* * * LOW HITPOINT WARNING * * *
Unknown command.
You hit something. Your headbutt misses something. You hit the ogre.
You hear some strange, mumbled words.
You are confused.
Unknown command.
You're too confused to move!
You feel a strong urge to attack something.
You bump into the rock wall.
The ogre barely misses you. Something hits you.
You die...

.............#
.............#
.............#
.............#
.............#
.............#
.............#
......O..)...###
#######@........
#.........
#.........
#.........
#.........
##.........
#'.........
##.........
######.........


You could see an ogre.

Vanquished Creatures
  A black bear (D:3)
  An ogre (D:4)
  A phantom (D:4)
  A scorpion (D:4)
  A hound (D:4)
  A gnoll shaman (D:2)
  A centaur skeleton (D:4)
  An iguana (D:4)
  Natasha (thrice) (D:3)
  A hound skeleton (D:4)
  Robin (D:3)
  6 gnolls
  10 adders
  A worm (D:4)
  2 dart slugs
  2 orcs (D:5)
  5 bats
  4 endoplasms
  3 giant cockroaches
  10 goblins
  12 hobgoblins
  7 jackals (D:1)
  6 kobolds
  2 quokkas
  4 ball pythons
  2 frilled lizards
  3 rats
92 creatures vanquished.

Vanquished Creatures (others)
  A plant (D:3)
1 creature vanquished.

Grand Total: 93 creatures vanquished

Notes
Turn   | Place    | Note
-------+----------+-------------------------------------------
     0 | D:1      | Zeld the Minotaur Berserker began the quest for the Orb.
     0 | D:1      | Reached XP level 1. HP: 19/19 MP: 0/0
    81 | D:2      | Reached XP level 2. HP: 20/27 MP: 1/1
   446 | D:1      | Reached XP level 3. HP: 31/33 MP: 2/2
   829 | D:2      | Reached ** piety under Trog
  1054 | D:2      | Reached XP level 4. HP: 39/41 MP: 3/3
  1699 | D:2      | Found Ziujib's Book Boutique.
  1791 | D:2      | Reached skill level 5 in Fighting
  2271 | D:2      | Reached skill level 5 in Axes
  2271 | D:2      | Reached XP level 5. HP: 48/48 MP: 4/4
  2515 | D:3      | Found a faded altar of an unknown god.
  2521 | D:3      | Noticed Natasha
  2525 | D:3      | Killed Natasha
  2536 | D:3      | Noticed Robin
  2544 | D:3      | Killed Robin
  2722 | D:3      | Noticed Natasha
  2727 | D:3      | Killed Natasha
  2789 | D:3      | Noticed a black bear
  2795 | D:3      | Killed a black bear
  2796 | D:3      | Reached XP level 6. HP: 46/57 MP: 5/5
  2925 | D:3      | Noticed Natasha
  2939 | D:3      | Killed Natasha
  3611 | D:4      | Reached XP level 7. HP: 27/64 MP: 6/6
  4441 | D:4      | Found a hide-covered altar of Uskayaw.
  4444 | D:4      | Found a sacrificial altar of Ru.
  4444 | D:4      | Found an ornate altar of the Wu Jian Council.
  4446 | D:4      | Found an opulent altar of Gozag.
  4446 | D:4      | Found a glowing golden altar of the Shining One.
  4446 | D:4      | Found an iron altar of Okawaru.
  4447 | D:4      | Found a shimmering altar of Xom.
  4703 | D:5      | Entered Level 5 of the Dungeon
  4762 | D:5      | HP: 3/96 [ogre/+0 giant club (24)]
  4766 | D:5      | Slain by an orc wizard

Illustrated notes

Levels and vault maps discovered:
D:1:      saegor_arrival_simple_a, layout_basic
D:2:      layout_rooms, serial_shops, nicolae_diamond_shop
D:3:      layout_loops_cross, basic_ecumenical_altar, nicolae_grassy_gnolls,
          uniq_natasha, uniq_robin
D:4:      layout_basic, grunt_temple_overflow_open
D:5:      layout_gridville, lemuel_blue_sif_altar,
          lemuel_coloured_pillars_altar, serial_shops, shop

Skill      XL: |  1  2  3  4  5  6  7 |
---------------+----------------------+-----
Fighting       | 4 5 6 |  6.9
Axes           | 4 5 6 |  6.8
Armour         | 3 4 |  4.6
Dodging        | 3 4 |  4.2

Action                   |  1- 3 |  4- 6 |  7- 9 || total
-------------------------+-------+-------+-------++-------
Melee: Hand axe          |    64 |    93 |    48 ||   205
       Headbutt          |     3 |    16 |     9 ||    28
       Punch             |       |     1 |       ||     1
       Unarmed           |       |     9 |       ||     9
Invok: Berserk           |     1 |     2 |     2 ||     5
Armor: Animal skin       |    24 |    10 |     8 ||    42
       Skin              |       |     2 |       ||     2
Dodge: Dodged            |    82 |    83 |    30 ||   195
